 Dungeon Crawl Stone Soup version 0.27-a0-1200-g94dc6ad4cf (webtiles) character file.

Game seed: 8957791636909897347

45662 deadmanwalking the Bludgeoner (level 14, -11/186 HPs)
             Began as a Minotaur Berserker on June 1, 2021.
             Was a High Priest of Trog.
             Mangled by a tyrant leech (21 damage)
             ... on level 6 of the Lair of Beasts on June 2, 2021.
             The game lasted 00:56:01 (21944 turns).

deadmanwalking the Bludgeoner (Minotaur Berserker) Turns: 21944, Time: 00:56:01

Health: -11/186    AC: 23    Str: 22    XL:     14   Next: 1%
Magic:  13/13      EV:  8    Int:  7    God:    Trog [*****.]
Gold:   1212       SH:  0    Dex: 12    Spells: 13/13 levels left

rFire    . . .     SeeInvis .   d - +7 dire flail (flame)
rCold    . . .     Faith    .   (shield currently unavailable)
rNeg     . . .     Spirit   .   I - +1 plate armour of Wariness {Rampage +Blink}
rPois    +         Reflect  .   c - +1 hat {Stlth+}
rElec    .         Harm     .   s - +0 cloak
rCorr    +         Rampage  +   Q - +2 pair of gloves
Will     +....                  f - +0 pair of boots
Stlth    ..........             (no amulet)
HPRegen  0.41/turn              H - ring of resist corrosion
MPRegen  0.13/turn              R - ring "Fuah" {rPois Stlth+}

@: berserking, very quick
A: horns 2, retaliatory headbutt
a: Renounce Religion, Evoke Blink, Berserk, Trog's Hand, Brothers in Arms


You were on level 6 of the Lair of Beasts.
You worshipped Trog.
Trog was extremely pleased with you.
You visited 3 branches of the dungeon, and saw 15 of its levels.
You also visited: Sewer and Volcano.

You collected 1212 gold pieces.

Inventory:

Hand Weapons
 a - a +2 great mace of flaming
 b - the +7 war axe "Weiguesm" {speed, *Slow +Rage rPois rN+++}
   (You found it on level 2 of the Lair of Beasts)

   Attacks with this weapon are significantly faster.
   It protects you from poison.
   It renders you almost immune to negative energy.
   It lets you go berserk.
   It may slow you when you take damage.
 d - a +7 dire flail of flaming (weapon)
 O - a +0 hunting sling
Missiles
 o - 50 poisoned darts (quivered)
 q - 17 bolts
 v - 166 sling bullets
 w - 7 boomerangs
 A - 20 stones
 D - 3 throwing nets
Armour
 c - a +1 hat of stealth (worn)
 f - a +0 pair of boots (worn)
 s - a +0 cloak (worn)
 I - the +1 plate armour of Wariness (worn) {Rampage +Blink}
   (You found it on level 8 of the Dungeon)

   It lets you blink.
   It bestows one free step when moving towards enemies.
 Q - a +2 pair of gloves (worn)
Jewellery
 H - a ring of resist corrosion (left hand)
 R - the ring "Fuah" (right hand) {rPois Stlth+}
   (You acquired it on level 2 of the Lair of Beasts)

   [ring of poison resistance]

   It protects you from poison.
   It makes you more stealthy.
Wands
 g - a wand of charming (11)
 j - a wand of digging (9)
 m - a wand of polymorph (17)
 t - a wand of iceblast (9)
 G - a wand of paralysis (17)
 T - a wand of mindburst (13)
Scrolls
 i - 5 scrolls of teleportation
 k - 3 scrolls of fog
 y - 4 scrolls of fear
 z - a scroll of magic mapping
 E - 2 scrolls of blinking
Potions
 e - 2 potions of resistance
 h - 7 potions of curing
 l - a potion of haste {unknown}
 n - 8 potions of ambrosia
 p - 6 potions of might
 r - a potion of flight
 u - 6 potions of heal wounds
 x - 2 potions of cancellation
 B - a potion of attraction
 M - a potion of invisibility
 P - 2 potions of berserk rage


   Skills:
 + Level 11.5 Fighting
 + Level 18.5 Maces & Flails
 + Level 10.1 Slings
 + Level 11.2 Armour
 - Level 2.1 Dodging
 + Level 8.5 Evocations


You had 13 spell levels left.
You didn't know any spells.
Your spell library contained the following spells:

 Spells                   Type           Power      Damage    Failure   Level
 Corona                   Hex            0%         N/A       99%         1
 Ensorcelled Hibernation  Hex/Ice        0%         N/A       100%        2
 Confusing Touch          Hex            0%         N/A       100%        3
 Dazzling Flash           Conj/Hex       0%         N/A       100%        3
 Tukima's Dance           Hex            0%         N/A       100%        3
 Animate Armour           Summ/Erth      0%         N/A       100%        4
 Borgnjor's Vile Clutch   Necr/Erth      0%         N/A       100%        5
 Silence                  Hex/Air        0%         N/A       100%        5
 Shadow Creatures         Summ           N/A        N/A       100%        6


Dungeon Overview and Level Annotations

Branches:
Dungeon (8/15)             Temple (1/1) D:5            Lair (6/6) D:8
 Shoals (0/4) Lair:2       Spider (0/4) Lair:2        Slime (0/5) Lair:5
  Sewer (visited)         Volcano (visited)

Altars:
Ashenzari
Cheibriados
Dithmenos
Elyvilon
Fedhas
Gozag
Hepliaklqana
Makhleb
Nemelex Xobeh
Okawaru
Qazlal
Sif Muna
Trog
Uskayaw
Vehumet
Wu Jian
Xom
Yredelemnul
Zin
The Shining One
Jiyva

Annotations:
D:8 1 runed translucent door


Innate Abilities, Weirdness & Mutations

You have a pair of horns on your head.
You reflexively headbutt those who attack you in melee.


Message History

You headbutt the lindwurm, but do no damage.
The lindwurm claws you but does no damage. x2
The tyrant leech bites you.
* * * LOW HITPOINT WARNING * * *
The tyrant leech draws strength from your injuries!
You barely miss the lindwurm. You headbutt the lindwurm!
The lindwurm is severely wounded.
You barely miss the lindwurm.
The lindwurm is severely wounded.
The lindwurm breathes flames at you. The blast of flame hits you.
* * * LOW HITPOINT WARNING * * *
You flatten the lindwurm like a pancake!!!
You burn the lindwurm.
You kill the lindwurm!
Trog accepts your kill. The tyrant leech bites you!!
* * * LOW HITPOINT WARNING * * *
The tyrant leech draws strength from your injuries!
You have reached level 14!
You closely miss the tyrant leech. You closely miss the tyrant leech.
You headbutt the tyrant leech!
The tyrant leech is lightly wounded.
The hornet stings you.
* * * LOW HITPOINT WARNING * * *
You impale the hornet!! You burn the hornet.
You kill the hornet!
Trog accepts your kill. The tyrant leech bites you.
* * * LOW HITPOINT WARNING * * *
The tyrant leech draws strength from your injuries!
You puncture the tyrant leech! You burn the tyrant leech!
The tyrant leech is heavily wounded.
You hit the tyrant leech. You burn the tyrant leech.
Your headbutt misses the tyrant leech.
The tyrant leech is severely wounded.
You sock the tyrant leech! You burn the tyrant leech.
The tyrant leech is almost dead.
The tyrant leech bites you!!
You die...

... ###...## ###
#...#....## #
#.......## # #
###......## # #.
#.##.....###### #. ##
###.....##.# #..
####..#....÷###
#?..####P....###....#.
#..†@[.....## ##.....
###w...##### #.##.P
###### ######


You could see a tyrant leech.

Vanquished Creatures
  Nessos (Lair:4)
  A red draconian (Volcano)
  An ice dragon (Lair:6)
  A catoblepas (Lair:4)
  7 hydras
  2 boulder beetles
  An ogre mage (Volcano)
  4 two-headed ogres (Volcano)
  3 death yaks (Lair:4)
  3 lindwurms
  An elephant (Lair:5)
  6 black mambas
  5 torpor snails (Lair:6)
  2 molten gargoyles (Volcano)
  7 cane toads
  2 rime drakes
  9 komodo dragons
  Prince Ribbit (D:5)
  7 hornets (Lair:6)
  3 polar bears (Lair:5)
  2 tyrant leeches (Lair:6)
  10 blink frogs
  A snapping turtle (Lair:2)
  3 wyverns
  A basilisk (Lair:3)
  2 fire bats (Volcano)
  A steam dragon (D:8)
  32 yaks
  A vampire mosquito (D:8)
  Duvessa (D:4)
  2 hell hounds (Lair:3)
  18 water moccasins
  3 orc warriors
  3 black bears
  An ice beast (D:6)
  23 wolves
  5 ogres
  A centaur (D:8)
  5 phantoms
  Blork the orc (D:5)
  15 bullfrogs
  8 scorpions
  Dowan (D:4)
  A gnoll sergeant (D:6)
  2 water moccasin skeletons
  21 killer bees
  An electric eel (Lair:5)
  A centaur zombie (D:5)
  5 lava snakes (Volcano)
  3 hounds
  2 orc priests (D:8)
  A gnoll shaman (D:6)
  A jelly (D:6)
  A centaur skeleton (D:6)
  2 iguanas
  Natasha (twice) (D:4)
  7 orc wizards
  7 gnolls (D:6)
  18 adders
  4 river rats (Sewer)
  A white imp (D:6)
  4 worms
  6 dart slugs
  22 orcs
  10 bats
  15 endoplasms
  6 giant cockroaches
  13 hobgoblins
  5 jackals (D:4)
  11 kobolds
  5 quokkas
  12 ball pythons
  4 frilled lizards
  8 goblins
  32 rats
  A butterfly (D:8)
441 creatures vanquished.

Vanquished Creatures (collateral kills)
  Gastronok (D:8)
  A queen bee (Lair:1)
  5 killer bees (Lair:1)
7 creatures vanquished.

Vanquished Creatures (others)
  31 fungi
  115 plants
146 creatures vanquished.

Grand Total: 594 creatures vanquished

Notes
Turn   | Place    | Note
-------+----------+-------------------------------------------
     0 | D:1      | deadmanwalking the Minotaur Berserker began the quest for
                  | the Orb.
     0 | D:1      | Reached XP level 1. HP: 19/19 MP: 0/0
   119 | D:1      | Reached skill level 4 in Maces & Flails
   212 | D:1      | Reached XP level 2. HP: 17/26 MP: 1/1
   680 | D:1      | Reached skill level 5 in Maces & Flails
   764 | D:1      | Reached XP level 3. HP: 28/31 MP: 2/2
   912 | D:1      | Reached ** piety under Trog
  1558 | D:2      | Found a faded altar of an unknown god.
  2164 | D:2      | Reached skill level 6 in Maces & Flails
  2164 | D:2      | Reached XP level 4. HP: 39/39 MP: 3/3
  2446 | D:3      | Found a white marble altar of Elyvilon.
  2575 | D:3      | Found a hide-covered altar of Uskayaw.
  2717 | D:3      | Found an iron altar of Okawaru.
  3048 | D:3      | Reached XP level 5. HP: 27/45 MP: 4/4
  3206 | D:3      | Reached skill level 7 in Maces & Flails
  3755 | D:4      | Noticed Dowan
  3756 | D:4      | Noticed Duvessa
  3773 | D:4      | Killed Duvessa
  3774 | D:4      | Reached skill level 8 in Maces & Flails
  3774 | D:4      | Reached XP level 6. HP: 42/51 MP: 5/5
  3776 | D:4      | Killed Dowan
  3872 | D:4      | Reached *** piety under Trog
  3962 | D:4      | Reached skill level 9 in Maces & Flails
  4029 | D:4      | Found a shadowy altar of Dithmenos.
  4084 | D:4      | Found a bloodstained altar of Trog.
  4141 | D:4      | Noticed Natasha
  4156 | D:4      | Killed Natasha
  4337 | D:5      | Entered Level 5 of the Dungeon
  4344 | D:5      | Reached XP level 7. HP: 28/57 MP: 6/6
  4429 | D:4      | Noticed Natasha
  4434 | D:4      | Killed Natasha
  4435 | D:4      | Reached skill level 10 in Maces & Flails
  4581 | D:5      | Found a staircase to the Ecumenical Temple.
  4581 | D:5      | Noticed Blork the orc
  4603 | D:5      | Killed Blork the orc
  4712 | Temple   | Entered the Ecumenical Temple
  4852 | D:5      | Reached skill level 11 in Maces & Flails
  4853 | D:5      | Reached XP level 8. HP: 64/64 MP: 7/7
  5375 | D:5      | Noticed Prince Ribbit
  5394 | D:5      | Killed Prince Ribbit
  5395 | D:5      | Reached skill level 12 in Maces & Flails
  5735 | D:6      | Found a blossoming altar of Fedhas.
  5837 | D:6      | Reached skill level 13 in Maces & Flails
  5853 | D:6      | Found a glowing drain.
  5866 | Sewer    | Entered a sewer
  6117 | Sewer    | Reached **** piety under Trog
  6529 | Sewer    | Reached ***** piety under Trog
  6533 | Sewer    | Reached XP level 9. HP: 70/70 MP: 8/8
  6684 | D:6      | Noticed an eight-headed hydra
  6697 | D:6      | Killed an eight-headed hydra
  6698 | D:6      | Reached skill level 14 in Maces & Flails
  6715 | D:6      | Reached skill level 15 in Maces & Flails
  7353 | D:6      | Identified the +1 robe of Light {rF- rCorr Dex+3 Slay+3}
  7669 | D:6      | Found a sparkling altar of Nemelex Xobeh.
  8623 | D:7      | Reached skill level 16 in Maces & Flails
  8819 | D:7      | Found an ornate altar of the Wu Jian Council.
  9042 | D:7      | Found a basalt altar of Yredelemnul.
  9049 | D:7      | Reached skill level 1 in Slings
  9164 | D:7      | Noticed a profane servitor
  9179 | D:7      | Found a glowing golden altar of the Shining One.
  9228 | D:7      | Noticed an angel
  9420 | D:8      | Reached skill level 1 in Evocations
  9420 | D:8      | Reached XP level 10. HP: 72/78 MP: 9/9
  9511 | D:8      | Noticed Gastronok
  9522 | D:8      | Killed Gastronok
  9594 | D:8      | Found a runed translucent door.
  9596 | D:8      | Found a runed translucent door.
  9618 | D:8      | Reached skill level 5 in Fighting
  9900 | D:8      | Found a staircase to the Lair.
 10164 | D:8      | Found an opulent altar of Gozag.
 10455 | D:8      | Identified the +1 plate armour of Wariness {Rampage +Blink}
 10586 | Lair:1   | Entered Level 1 of the Lair of Beasts
 10597 | Lair:1   | Reached skill level 5 in Armour
 11080 | Lair:1   | Reached XP level 11. HP: 84/90 MP: 10/10
 11372 | Lair:1   | Reached skill level 5 in Slings
 11688 | Lair:1   | HP: 4/92 [poisoned by a killer bee]
 13204 | Lair:2   | Noticed a seven-headed hydra
 13402 | Lair:2   | Killed a seven-headed hydra
 13802 | Lair:2   | Identified the +7 war axe "Weiguesm" {speed, *Slow +Rage
                  | rPois rN+++}
 13834 | Lair:2   | Reached skill level 17 in Maces & Flails
 13834 | Lair:2   | Reached skill level 5 in Evocations
 13960 | Lair:2   | Found a hide-covered altar of Uskayaw.
 13960 | Lair:2   | Found an ornate altar of the Wu Jian Council.
 13960 | Lair:2   | Noticed a boulder beetle
 13993 | Lair:2   | Killed a boulder beetle
 14359 | Lair:2   | Found a hole to the Spider Nest.
 14381 | Lair:2   | Found a staircase to the Shoals.
 14587 | Lair:2   | Identified a scroll of acquirement
 14587 | Lair:2   | Acquired the ring "Fuah" {rPois Stlth+}
 14966 | Lair:3   | Noticed a five-headed hydra
 14974 | Lair:3   | Killed a five-headed hydra
 14982 | Lair:3   | Reached XP level 12. HP: 77/103 MP: 11/11
 14997 | Lair:3   | Noticed a boulder beetle
 15019 | Lair:3   | Killed a boulder beetle
 15276 | Lair:3   | Found a dark tunnel.
 15300 | Volcano  | Entered a volcano
 16124 | Volcano  | Found a bloodstained altar of Trog.
 16124 | Volcano  | Noticed a two-headed ogre
 16124 | Volcano  | Noticed a two-headed ogre
 16124 | Volcano  | Noticed an ogre mage
 16124 | Volcano  | Noticed a two-headed ogre
 16128 | Volcano  | Killed a two-headed ogre
 16138 | Volcano  | Killed a two-headed ogre
 16142 | Volcano  | Killed a two-headed ogre
 16150 | Volcano  | Killed an ogre mage
 16341 | Volcano  | Noticed a two-headed ogre
 16348 | Volcano  | Killed a two-headed ogre
 16356 | Volcano  | Noticed a red draconian
 16371 | Volcano  | Killed a red draconian
 17424 | Lair:4   | Noticed a six-headed hydra
 17424 | Lair:4   | Noticed an eight-headed hydra
 17466 | Lair:4   | Killed a six-headed hydra
 17473 | Lair:4   | Killed an eight-headed hydra
 17828 | Lair:4   | Noticed Nessos
 17832 | Lair:4   | Killed Nessos
 17833 | Lair:4   | Reached skill level 10 in Fighting
 18144 | Lair:4   | Reached XP level 13. HP: 112/113 MP: 12/12
 18789 | Lair:4   | Reached skill level 10 in Armour
 18791 | Lair:4   | Reached skill level 18 in Maces & Flails
 19174 | Lair:5   | Noticed Sonja
 19189 | Lair:5   | Noticed Sonja
 19189 | Lair:5   | Sonja changed into Sonja the black bear
 19195 | Lair:5   | Killed Sonja the black bear
 19986 | Lair:5   | Received a gift from Trog
 20226 | Lair:5   | Found a viscous altar of Jiyva.
 20226 | Lair:5   | Found a staircase to the Slime Pits.
 20525 | Lair:6   | Entered Level 6 of the Lair of Beasts
 21290 | Lair:6   | Found a runed translucent door.
 21685 | Lair:6   | Reached skill level 10 in Slings
 21939 | Lair:6   | Reached XP level 14. HP: 17/124 MP: 13/13
 21941 | Lair:6   | HP: 9/186 [tyrant leech (4)]
 21944 | Lair:6   | Mangled by a tyrant leech

Illustrated notes

Levels and vault maps discovered:
D:1:      kilobyte_arrival_exit_the_forest, layout_loops_ring
D:2:      layout_loops_ring, hellmonk_ecumenical_altar_pennies_from_heaven,
          wad_floor_pattern_untrapped, minmay_distorted
D:3:      minmay_razor_zed, layout_loops_ring,
          nicolae_uskayaw_murder_on_the_dancefloor, elyvilon_altar_4,
          okawaru_gym_becter, bh_walls_and_bars
D:4:      cheibrodos_greedy_goblins, layout_rooms, lemuel_doored_altar,
          lemuel_tele_altar, grunt_decor_mini_mirrors, uniq_duvessa,
          uniq_natasha
D:5:      layout_basic, minmay_temple_entry_sparse_star, kennysheep_minor_cross,
          kennysheep_generic_room_9, uniq_blork_the_orc, uniq_prince_ribbit1
D:6:      layout_cave_pods, nemelex_dance_club_becter, amcnicky_altar_gilded,
          cheibrodos_sewer_entry_drain
D:7:      layout_rooms, grunt_temple_overflow_holy_war, nzn_wu_jian_council_hall
D:8:      lemuel_insect_pit, layout_loops_ring, nicolae_overflow_crystal_walls,
          lair_entry_dummy, uniq_gastronok
Temple:   pf_slimified_temple
Lair:1:   layout_roguey [special_room_bee], beast_lair_carwin_6,
          lemuel_fruit_tree, serial_bayou_shore_a, infiniplex_staircase_pool
Lair:2:   layout_misc_corridors, minmay_shoals_entry_hut, dummy_spider_entry,
          minivault_23, nzn_masters_of_martial_movement
Lair:3:   layout_roguey, enter_volcano_3, grunt_megastairs_5
Lair:4:   beast_lair_carwin_large_2, layout_regular_city, uniq_nessos
Lair:5:   layout_roguey, slime_altar_1, serial_bayou, serial_bayou_pond_a,
          serial_bayou_lagoon_a, serial_bayou_pond_c, serial_bayou_shore_b,
          beast_lair_carwin_2, uniq_sonja
Lair:6:   wormcave, layout_layer_cave, hangedman_lair_in_review

Skill      XL: |  1  2  3  4  5  6  7  8  9 10 11 12 13 |
---------------+----------------------------------------+-----
Maces & Flails | 4 5 6 8 9 11 13 16 17 18 | 18.5
Slings         | 1 4 6 8 10 | 10.1
Fighting       | 4 6 8 10 11 | 11.5
Evocations     | 1 3 5 7 8 |  8.5
Armour         | 5 7 9 11 | 11.2
Dodging        | |  2.1

Action                   |  1- 3 |  4- 6 |  7- 9 | 10-12 | 13-15 || total
-------------------------+-------+-------+-------+-------+-------++-------
Melee: Mace              |    98 |    40 |       |       |       ||   138
       Headbutt          |    13 |    16 |    53 |   107 |    63 ||   252
       Morningstar       |       |    84 |   314 |   484 |       ||   882
       War axe           |       |       |       |    50 |     6 ||    56
       Great mace        |       |       |       |    51 |   129 ||   180
       Dire flail        |       |       |       |       |   188 ||   188
 Fire: Hunting sling     |       |    15 |     9 |     6 |       ||    30
Throw: Dart              |       |       |       |     1 |       ||     1
Invok: Berserk           |       |     2 |     6 |     6 |     2 ||    16
       Trog's Hand       |       |     1 |     3 |     4 |       ||     8
       Brothers in Arms  |       |       |     1 |     4 |       ||     5
Evoke: Wand              |       |       |     3 |    16 |     9 ||    28
  Use: Scroll            |     2 |     4 |     5 |    13 |     5 ||    29
       Potion            |       |       |       |     2 |       ||     2
Armor: Animal skin       |    19 |       |       |       |       ||    19
       Ring mail         |       |     5 |       |       |       ||     5
       Scale mail        |       |    44 |   110 |       |       ||   154
       Chain mail        |       |       |    40 |       |       ||    40
       Plate armour      |       |       |     1 |   359 |   180 ||   540
Dodge: Dodged            |    55 |    62 |   151 |   176 |    81 ||   525

Table legend: (Time is in decaauts)
 A = Elapsed time spent in this place.
 B = Non-inter-level travel time spent in this place.
 C = Inter-level travel time spent in this place.
 D = Time resting spent in this place.
 E = Time spent auto-exploring this place.
 F = Levels seen in this place.
 G = Mean time per level.
                   A        B        C        D        E       F      G
               +--------+--------+--------+--------+--------+-----+--------+
         Total |  21940 |  20787 |   1153 |   2017 |  15274 |  17 | 1290.6 |
       Dungeon |   9805 |   9263 |    542 |     61 |   7810 |   8 | 1225.6 |
        Temple |    107 |     89 |     18 |      0 |     84 |   1 |  107.0 |
          Lair |   9569 |   8977 |    592 |    629 |   6904 |   6 | 1594.8 |
         Sewer |    795 |    795 |      0 |    197 |    375 |   1 |  795.0 |
       Volcano |   1662 |   1662 |      0 |   1129 |    100 |   1 | 1662.0 |
               +--------+--------+--------+--------+--------+-----+--------+

Top non-repeatable levels by time:
  Lair:1: 2632 daAuts
     D:6: 1936 daAuts
  Lair:4: 1734 daAuts
 Volcano: 1662 daAuts
  Lair:2: 1496 daAuts
     D:3: 1457 daAuts
  Lair:5: 1297 daAuts
  Lair:6: 1280 daAuts
     D:5: 1229 daAuts
     D:8: 1207 daAuts
     D:1: 1192 daAuts
  Lair:3: 1128 daAuts
     D:2: 1120 daAuts
     D:7: 966 daAuts
   Sewer: 795 daAuts
